[Event "December 12 Early 2023"]
[Site "https://www.chess.com"]
[Date "2023.12.12"]
[Round "9"]
[White "Maksimovic, Bojan"]
[Black "Atakhan, Abtin"]
[Result "0-1"]
[Board "24"]
[TimeControl "180+1"]
[WhiteFideId "14408120"]
[BlackFideId "22502203"]
[WhiteElo "2901"]
[BlackElo "2747"]
[WhiteTeam "BIH"]
[BlackTeam "IRI"]
[WhiteClock "0:00:00"]
[BlackClock "0:00:02"]

1. a3 g6 2. e4 Bg7 3. d4 d6 4. Nc3 Nf6 5. Bc4 O-O 6. Qe2 Nc6 7. d5 Nd4 8. Qd1 c5 9. Be3 Rb8 10. a4 Ng4 11. Nf3 Nxf3+ 12. Qxf3 Nxe3 13. Qxe3 a6 14. O-O Bd7 15. Qd3 Qa5 16. Rfb1 f5 17. f3 f4 18. Ne2 Be5 19. c3 Qc7 20. a5 g5 21. h3 h5 22. Kf2 Rf7 23. Ke1 g4 24. hxg4 hxg4 25. Kd2 Rg7 26. Kc2 Rf8 27. Rh1 Rff7 28. Rh5 Rg6 29. Nc1 Rh7 30. Rxh7 Kxh7 31. Nb3 Rh6 32. Rg1 Qd8 33. Kb1 Qe8 34. Qd1 Qh5 35. Be2 Qh2 36. Nd2 Ba4 37. b3 Bxc3 38. bxa4 Bxd2 39. Kc2 Be3 40. Re1 g3 41. Bf1 Qg1 42. e5 Kg7 43. exd6 Rxd6 44. Qd3 Qf2+ 45. Re2 Qxf1 46. Rxe3 Qxg2+ 47. Re2 Qh3 48. Rxe7+ Kf8 49. Qe4 Qh5 50. Re6 Qxd5 51. Re8+ Kf7 52. Qe7+ Kg6 0-1

[Event "December 12 Early 2023"]
[Site "https://www.chess.com"]
[Date "2023.12.12"]
[Round "9"]
[White "Samunenkov, Ihor"]
[Black "Baskakov, Egor"]
[Result "1-0"]
[Board "25"]
[TimeControl "180+1"]
[WhiteFideId "14187086"]
[BlackFideId "24197866"]
[WhiteElo "2747"]
[BlackElo "2889"]
[WhiteTeam "UKR"]
[BlackTeam "RUS"]
[WhiteClock "0:00:09"]
[BlackClock "0:00:16"]

1. d4 Nf6 2. Nc3 e6 3. Bf4 d5 4. Nb5 Bd6 5. Nxd6+ cxd6 6. e3 Nc6 7. Nf3 O-O 8. h3 Ne4 9. Be2 Bd7 10. O-O Rc8 11. Nd2 Qe7 12. Bh2 f5 13. c4 dxc4 14. Bxc4 d5 15. Be2 Qb4 16. Nxe4 fxe4 17. a3 Qe7 18. Qd2 b6 19. b4 Nd8 20. Ba6 Rc6 21. Rac1 Qe8 22. Rxc6 Bxc6 23. Rc1 Bb5 24. Bxb5 Qxb5 25. Rc7 a5 26. Bd6 Re8 27. bxa5 bxa5 28. Qc2 Nf7 29. Bg3 a4 30. Ra7 Qd3 31. Qc7 Qd1+ 32. Kh2 Qh5 33. Qd7 Rf8 34. Qxe6 h6 35. Rxa4 Kh7 36. Qg4 Qxg4 37. hxg4 h5 38. gxh5 Rd8 39. Bf4 g6 40. Ra7 Kg7 41. Be5+ Kg8 42. hxg6 Nxe5 43. dxe5 Re8 44. a4 Rxe5 45. a5 d4 46. exd4 Rd5 47. a6 Ra5 48. g7 e3 49. fxe3 Rh5+ 50. Kg1 Rg5 51. Rb7 1-0

[Event "December 12 Early 2023"]
[Site "https://www.chess.com"]
[Date "2023.12.12"]
[Round "9"]
[White "Steinberg, Nitzan"]
[Black "Poormosavi, Seyed Kian"]
[Result "1-0"]
[Board "26"]
[TimeControl "180+1"]
[WhiteFideId "2801795"]
[BlackFideId "12585807"]
[WhiteElo "2886"]
[BlackElo "2724"]
[WhiteTeam "ISR"]
[BlackTeam "IRI"]
[WhiteClock "0:00:14"]
[BlackClock "0:00:15"]

1. e4 c6 2. d4 d5 3. Nc3 dxe4 4. Nxe4 Nf6 5. Nxf6+ exf6 6. c3 Bf5 7. Ne2 g6 8. Ng3 Be6 9. h4 h5 10. Bd3 Bg7 11. Bf4 Nd7 12. Qe2 f5 13. Bg5 Bf6 14. f4 Kf8 15. a3 Kg7 16. O-O-O Qb6 17. Bb1 Rae8 18. Qd2 Qb3 19. Rde1 Bd5 20. Re5 Bxg5 21. hxg5 Nxe5 22. fxe5 h4 23. Nf1 h3 24. Rxh3 Rxh3 25. gxh3 Rh8 26. Qe3 Be6 27. Bd3 Qd5 28. Nd2 Qh1+ 29. Bf1 Rh4 30. Kc2 f4 31. Qf2 Bf5+ 32. Kb3 Qd5+ 33. Bc4 Qd7 34. Qxh4 b5 35. Be2 Qd5+ 36. c4 Qxd4 37. Qe1 Qe3+ 38. Ka2 Bxh3 39. Qd1 Qxe5 40. Bf1 Be6 41. Nf3 Qe3 42. Qd4+ Qxd4 43. Nxd4 Bxc4+ 44. Bxc4 bxc4 45. Kb1 c5 46. Nf3 f6 47. Kc2 fxg5 48. Nxg5 Kf6 49. Ne4+ Ke5 50. Nxc5 g5 51. Kd2 g4 52. Ke2 f3+ 53. Ke3 Kd5 54. Ne4 a5 55. Nf6+ Kc5 56. Nxg4 c3 57. bxc3 Kc4 58. Kd2 a4 59. Kc2 Kc5 60. Kd3 Kd5 61. Nf2 Kc5 62. c4 Kc6 63. Kd4 Kd6 64. c5+ Kc6 65. Kc4 Kc7 66. Kb5 Kb7 67. Kxa4 Kc6 68. Kb4 Kd5 69. Kb5 Kd4 70. c6 Ke3 71. Nh1 1-0

[Event "December 12 Early 2023"]
[Site "https://www.chess.com"]
[Date "2023.12.12"]
[Round "9"]
[White "Szpar, Milosz"]
[Black "Pakleza, Zbigniew"]
[Result "1-0"]
[Board "27"]
[TimeControl "180+1"]
[WhiteFideId "1184989"]
[BlackFideId "1119290"]
[WhiteElo "2880"]
[BlackElo "2715"]
[WhiteTeam "POL"]
[BlackTeam "POL"]
[WhiteClock "0:00:16"]
[BlackClock "0:00:02"]

1. e4 d6 2. d4 Nf6 3. Bd3 e5 4. c3 d5 5. dxe5 dxe4 6. Bb5+ c6 7. Qxd8+ Kxd8 8. exf6 cxb5 9. Bg5 Ke8 10. Nd2 Bf5 11. Ne2 Nd7 12. fxg7 Bxg7 13. Ng3 Bg6 14. Ngxe4 f6 15. Bf4 Ke7 16. O-O Rhd8 17. Rfe1 Ne5 18. Nxf6 Rxd2 19. Bxe5 Kf7 20. Ng4 h5 21. Bf4 Rxb2 22. Ne5+ Bxe5 23. Bxe5 Rc2 24. a3 Rd8 25. Bd4 a6 26. h4 Re8 27. Rxe8 Kxe8 28. Re1+ Kd7 29. Kh2 Kd6 30. Re5 b6 31. Rg5 Bf7 32. Rg7 Be6 33. Rb7 Kd5 34. Rxb6 Bc8 35. Rh6 Bg4 36. Kg3 a5 37. f3 Bc8 38. Rxh5+ Ke6 1-0

[Event "December 12 Early 2023"]
[Site "https://www.chess.com"]
[Date "2023.12.12"]
[Round "9"]
[White "Goltsev, Dmitry"]
[Black "Ilamparthi A R"]
[Result "1/2-1/2"]
[Board "28"]
[TimeControl "180+1"]
[WhiteFideId "24176710"]
[BlackFideId "45015775"]
[WhiteElo "2673"]
[BlackElo "2880"]
[WhiteTeam "RUS"]
[BlackTeam "IND"]
[WhiteClock "0:00:03"]
[BlackClock "0:00:11"]

1. e4 c5 2. Nf3 e6 3. d4 cxd4 4. Nxd4 Nf6 5. Nc3 Nc6 6. Be2 Bb4 7. Qd3 d5 8. exd5 Nxd5 9. Bd2 Be7 10. Nxd5 Qxd5 11. Nxc6 bxc6 12. Bf3 Qxd3 13. cxd3 Bd7 14. Rc1 Rc8 15. Ke2 Bf6 16. Bc3 Ke7 17. Rc2 Bxc3 18. Rxc3 c5 19. Rhc1 Kd6 20. b3 e5 21. g3 Be6 22. Ke3 a5 23. a3 f5 24. h4 g6 25. Bg2 h6 26. f4 exf4+ 27. gxf4 Bd5 28. Bxd5 Kxd5 29. Kd2 g5 30. d4 gxf4 31. Rxc5+ Rxc5 32. Rxc5+ Kxd4 33. Rxa5 Ke4 34. Ke2 Rc8 35. Ra4+ Ke5 36. Rc4 Rb8 37. b4 Ra8 38. Rc3 Kd4 39. Rf3 Ke4 40. b5 Rc8 41. Rb3 Rc2+ 42. Kd1 Ra2 43. b6 f3 44. Ke1 Ra1+ 45. Kf2 Ra2+ 46. Kg3 Rg2+ 47. Kh3 Rg8 48. b7 f2 49. Rb1 Kf3 50. a4 Ke2 51. a5 f1=Q+ 52. Rxf1 Kxf1 53. a6 Kf2 54. a7 Rg3+ 55. Kh2 Rg2+ 56. Kh3 Rg3+ 57. Kh2 Rg2+ 58. Kh1 Rg1+ 59. Kh2 Rg2+ 1/2-1/2

[Event "December 12 Early 2023"]
[Site "https://www.chess.com"]
[Date "2023.12.12"]
[Round "9"]
[White "BestStelker"]
[Black "Mikaelyan, Arman"]
[Result "1-0"]
[Board "29"]
[TimeControl "180+1"]
[BlackFideId "13304852"]
[WhiteElo "2679"]
[BlackElo "2860"]
[BlackTeam "ARM"]
[WhiteClock "0:00:02"]
[BlackClock "0:00:00"]

1. Nf3 d5 2. c4 d4 3. b4 f6 4. e3 e5 5. c5 a5 6. Qa4+ c6 7. Bc4 Nd7 8. exd4 b5 9. cxb6 Nxb6 10. Qb3 Nxc4 11. Qxc4 Ne7 12. dxe5 Ba6 13. Qb3 Nd5 14. d3 Bxb4+ 15. Bd2 Rb8 16. Qc2 O-O 17. O-O fxe5 18. Nxe5 Qf6 19. f4 Bxd2 20. Nxd2 Ne3 21. Qc5 Nxf1 22. Rxf1 Qe6 23. Ne4 Rfd8 24. Nxc6 Kh8 25. Nxd8 Rxd8 26. Ng5 Qd7 27. Rd1 h6 28. Nf3 Qe6 29. Ne5 Rf8 30. g3 Bb7 31. Qxf8+ Kh7 32. Qf7 Qb6+ 33. Kf1 1-0

[Event "December 12 Early 2023"]
[Site "https://www.chess.com"]
[Date "2023.12.12"]
[Round "9"]
[White "Vakhlamov, Igor L."]
[Black "Gontcharov, Vladislav"]
[Result "1-0"]
[Board "30"]
[TimeControl "180+1"]
[WhiteFideId "24126748"]
[BlackFideId "4123492"]
[WhiteElo "2840"]
[BlackElo "2673"]
[WhiteTeam "RUS"]
[BlackTeam "RUS"]
[WhiteClock "0:00:22"]
[BlackClock "0:00:00"]

1. e4 e6 2. d4 d5 3. Nc3 Nc6 4. Nf3 Nf6 5. Bd3 Bb4 6. exd5 exd5 7. O-O O-O 8. Bg5 Be7 9. h3 Be6 10. Re1 a6 11. a3 Re8 12. Qd2 g6 13. Re2 Qd7 14. Rae1 Qd8 15. b4 Nd7 16. Bxe7 Rxe7 17. Qh6 Nf8 18. Nd1 Qd7 19. Ne3 Rae8 20. c3 f6 21. Qf4 f5 22. a4 Bf7 23. b5 axb5 24. axb5 Ne6 25. Qh4 Ncd8 26. Ne5 Qd6 27. Bxf5 Ng7 28. Bd3 Nde6 29. N3g4 h5 30. Nf6+ Kh8 31. Bxg6 1-0

[Event "December 12 Early 2023"]
[Site "https://www.chess.com"]
[Date "2023.12.12"]
[Round "9"]
[White "Dragun, Kamil"]
[Black "Borgaonkar Akshay"]
[Result "1-0"]
[Board "31"]
[TimeControl "180+1"]
[WhiteFideId "1134167"]
[BlackFideId "25639110"]
[WhiteElo "2800"]
[BlackElo "2635"]
[WhiteTeam "POL"]
[BlackTeam "IND"]
[WhiteClock "0:00:11"]
[BlackClock "0:00:02"]

1. d4 Nf6 2. c4 g6 3. Nc3 Bg7 4. e4 O-O 5. Be2 d6 6. Be3 c6 7. Nf3 a6 8. O-O b5 9. Qc2 Nbd7 10. Rfd1 Bb7 11. h3 Qc8 12. e5 dxe5 13. dxe5 Ne8 14. Bf4 Nc7 15. Ne4 Ne6 16. Bg3 Ndc5 17. Nxc5 Nxc5 18. Nd4 Ne6 19. Bg4 c5 20. Nxe6 fxe6 21. cxb5 axb5 22. Qb3 c4 23. Qxb5 h5 24. Be2 Bd5 25. Rxd5 exd5 26. Qxd5+ Kh7 27. Bxc4 Rb8 28. b3 Qf5 29. a4 Rbd8 30. Qe6 h4 31. Qxf5 Rxf5 32. Bxh4 Rxe5 33. Rf1 Rd2 34. Bg3 Rg5 35. h4 Rg4 36. Kh2 Rb2 37. Re1 Bf6 38. Kh3 Rd4 39. a5 Ra2 40. a6 Ra3 41. f3 Kg7 42. a7 Rxa7 43. Bf2 Rad7 44. Bxd4 Rxd4 45. g3 Rd2 46. f4 Rb2 47. Kg4 Kf8 48. Re6 Rg2 49. Re3 Bd4 50. Rd3 Bf6 51. b4 Rc2 52. Bd5 Rb2 53. Rb3 Rd2 54. Be4 Kg7 55. b5 e5 56. b6 Rd8 57. b7 Rb8 58. f5 gxf5+ 59. Kxf5 Kf7 60. Rc3 Be7 61. Rc7 Kg7 62. Rxe7+ Kh6 63. Kxe5 Rf8 64. Rh7# 1-0

[Event "December 12 Early 2023"]
[Site "https://www.chess.com"]
[Date "2023.12.12"]
[Round "9"]
[White "Yuan, Qingyu"]
[Black "Spata, German"]
[Result "1-0"]
[Board "32"]
[TimeControl "180+1"]
[WhiteFideId "8609772"]
[BlackFideId "113026"]
[WhiteElo "2790"]
[BlackElo "2625"]
[WhiteTeam "CHN"]
[BlackTeam "ARG"]
[WhiteClock "0:00:11"]
[BlackClock "0:00:00"]

1. e4 e6 2. d4 d5 3. Nd2 dxe4 4. Nxe4 Bd7 5. Nf3 Bc6 6. Bd3 Nd7 7. Qe2 Ngf6 8. Ng3 Be7 9. c3 Bxf3 10. Qxf3 c6 11. O-O O-O 12. Re1 Re8 13. h3 Qa5 14. Bf4 Rad8 15. Bc2 Nf8 16. a3 Ng6 17. Be3 Qd5 18. Qe2 Qa5 19. Rad1 Qc7 20. Qf3 Bd6 21. Bg5 Be7 22. Bc1 Bd6 23. Nh5 Nxh5 24. Qxh5 Bf4 25. Qf3 Bxc1 26. Rxc1 b6 27. Ba4 Rd6 28. g3 Red8 29. h4 h6 30. Bc2 Nf8 31. Qe3 c5 32. dxc5 bxc5 33. b4 cxb4 34. axb4 Nd7 35. c4 Nf6 36. Bb1 Rd4 37. Qc3 e5 38. c5 Rb8 39. Qe3 Rdxb4 40. Bf5 e4 41. c6 a5 42. Red1 a4 43. Rd7 Qe5 44. c7 Qxf5 45. Rd8+ Kh7 46. Rxb8 1-0

[Event "December 12 Early 2023"]
[Site "https://www.chess.com"]
[Date "2023.12.12"]
[Round "9"]
[White "Timerkhanov, Alexander"]
[Black "Chigaev, Maksim"]
[Result "0-1"]
[Board "33"]
[TimeControl "180+1"]
[WhiteFideId "24177938"]
[BlackFideId "4108116"]
[WhiteElo "2671"]
[BlackElo "2909"]
[WhiteTeam "RUS"]
[BlackTeam "ESP"]
[WhiteClock "0:00:00"]
[BlackClock "0:00:17"]

1. d4 Nf6 2. Bg5 g6 3. Bxf6 exf6 4. e3 d5 5. g3 c6 6. Bg2 h5 7. h4 Bg4 8. Ne2 Bd6 9. Nd2 Nd7 10. c4 dxc4 11. Nxc4 Bb4+ 12. Nd2 O-O 13. a3 Bxd2+ 14. Qxd2 Bxe2 15. Qxe2 f5 16. O-O Nf6 17. Rfc1 Re8 18. Bf3 Qd6 19. Rc5 a6 20. Rac1 Ne4 21. Bxe4 Rxe4 22. Qd1 Rae8 23. R1c3 Rg4 24. Qf3 Ree4 25. b4 Qe6 26. Kg2 f4 27. d5 cxd5 28. exf4 d4 29. Rc8+ Kg7 30. Rc1 Rexf4 31. Qxb7 Qe2 32. Rf1 Rxg3+ 33. Kxg3 Rg4+ 34. Kh2 Qxf1 0-1

[Event "December 12 Early 2023"]
[Site "https://www.chess.com"]
[Date "2023.12.12"]
[Round "9"]
[White "Adla, Diego"]
[Black "Riehle, Marco"]
[Result "1-0"]
[Board "34"]
[TimeControl "180+1"]
[WhiteFideId "100072"]
[BlackFideId "12904392"]
[WhiteElo "2671"]
[BlackElo "2868"]
[WhiteTeam "ARG"]
[BlackTeam "GER"]
[WhiteClock "0:00:11"]
[BlackClock "0:00:03"]

1. c4 e6 2. g3 d5 3. Bg2 Nf6 4. Nf3 c5 5. cxd5 Nxd5 6. O-O Nc6 7. b3 Be7 8. Bb2 O-O 9. d4 b6 10. dxc5 Bxc5 11. Nc3 Nxc3 12. Bxc3 Bb7 13. Qc1 Rc8 14. Qb2 f6 15. a3 Qe7 16. b4 Bd6 17. Rfd1 Bb8 18. b5 Na5 19. Bb4 Qf7 20. Bxf8 Rxf8 21. Rac1 h5 22. Qb4 e5 23. Ne1 Bxg2 24. Nxg2 Re8 25. Ne3 f5 26. Nd5 e4 27. e3 h4 28. Nf4 hxg3 29. hxg3 Bxf4 30. exf4 e3 31. Re1 exf2+ 32. Kxf2 Rd8 33. Rcd1 Rc8 34. Qe7 Rc2+ 35. Kg1 Qh5 36. Qe8+ Qxe8 37. Rxe8+ Kh7 38. Re7 Nc4 39. Rc7 Nxa3 40. Rxc2 Nxc2 41. Rd5 Kg6 42. Kf2 Kf6 43. Ke2 Ke6 44. Re5+ Kf6 45. Kd3 Nb4+ 46. Kc4 Na2 47. Kd5 Nb4+ 48. Kd6 Nd3 49. Rd5 Nc5 50. Kc6 Ke6 51. Re5+ Kf6 52. Re3 g5 53. fxg5+ Kxg5 54. Kc7 f4 55. gxf4+ Kxf4 56. Re8 Kf5 57. Ra8 Ne6+ 58. Kb7 Nc5+ 59. Kxa7 Na4 60. Kb7 Nc3 61. Kxb6 Ke6 62. Rc8 Nd5+ 63. Kb7 Kd7 64. Rc1 Nb4 65. b6 Kd6 66. Ka8 Na2 67. Rh1 Nc3 68. b7 Ne4 69. b8=Q+ Ke6 70. Re1 Kd5 71. Qb7+ Kc5 72. Qxe4 1-0

[Event "December 12 Early 2023"]
[Site "https://www.chess.com"]
[Date "2023.12.12"]
[Round "9"]
[White "Koellner, Ruben Gideon"]
[Black "Bacrot, Etienne"]
[Result "1/2-1/2"]
[Board "35"]
[TimeControl "180+1"]
[WhiteFideId "12993093"]
[BlackFideId "605506"]
[WhiteElo "2654"]
[BlackElo "2843"]
[WhiteTeam "GER"]
[BlackTeam "FRA"]
[WhiteClock "0:00:27"]
[BlackClock "0:00:09"]

1. d4 d5 2. Nf3 Nf6 3. e3 e6 4. Nbd2 b6 5. Bd3 Bb7 6. Ne5 Nbd7 7. f4 Be7 8. Qf3 c5 9. c3 Qc7 10. O-O a6 11. a4 g6 12. g4 Rf8 13. g5 Nxe5 14. fxe5 Nd7 15. h4 O-O-O 16. Qg4 Kb8 17. Nf3 Ka7 18. Bd2 c4 19. Bc2 Nb8 20. Qg2 Nc6 21. Nh2 h5 22. Rf4 Rde8 23. Raf1 Nd8 24. Nf3 Qd7 25. Qe2 Rg8 26. Ne1 Rg7 27. R4f2 Bf8 28. Ng2 Be7 29. Nf4 Bc6 30. Qd1 Nb7 31. Nh3 Bd8 32. Nf4 Na5 33. Kh2 Re7 34. Kg3 Nb3 35. Bxb3 cxb3 36. Qxb3 Bxa4 37. Qa2 Qb5 38. Ra1 Bb3 39. Qb1 Rc7 40. Nd3 a5 41. Nc1 Bd1 42. b3 Kb8 43. Kg2 Ra7 44. Rf1 Bg4 45. Qd3 Qxd3 46. Nxd3 Be2 47. Nb2 Bxf1+ 48. Kxf1 b5 49. Ke2 Rg8 50. Kd3 Re8 51. e4 dxe4+ 52. Kxe4 Ree7 53. c4 bxc4 54. Nxc4 Reb7 55. Ra3 Rb5 56. Nd6 Rd5 57. Nc4 Bc7 58. Bc3 Kb7 59. b4 axb4 60. Rxa7+ Kxa7 61. Bxb4 Bb6 62. Bc3 Rb5 63. Nd6 Rb3 64. Be1 Rb2 65. Kd3 Rb1 66. Bf2 Rf1 67. Ke2 Ra1 68. Nxf7 Ra2+ 69. Kf3 Ra3+ 70. Ke4 Ra2 71. Kf3 Ra3+ 72. Ke4 Ra2 73. Kf3 1/2-1/2

[Event "December 12 Early 2023"]
[Site "https://www.chess.com"]
[Date "2023.12.12"]
[Round "9"]
[White "Putnam, Liam"]
[Black "Seemann, Jakub"]
[Result "0-1"]
[Board "36"]
[TimeControl "180+1"]
[WhiteFideId "30938279"]
[BlackFideId "21874697"]
[WhiteElo "2835"]
[BlackElo "2652"]
[WhiteTeam "USA"]
[BlackTeam "POL"]
[WhiteClock "0:01:35"]
[BlackClock "0:00:38"]

1. Nf3 Nf6 2. c4 e6 3. b3 d5 4. Bb2 Be7 5. e3 O-O 6. Nc3 b6 7. Qc2 Bb7 8. cxd5 exd5 9. d4 Nbd7 10. g3 a6 11. Bg2 c5 12. O-O Rc8 13. Rad1 c4 14. Ne5 b5 15. bxc4 bxc4 16. g4 Bb4 17. g5 Bxc3 18. gxf6 Bxb2 19. Qxb2 Ba8 20. fxg7 Kxg7 21. Bh3 Rb8 22. Qe2 Nxe5 23. dxe5 Qg5+ 24. Kh1 d4+ 25. f3 Qxe3 26. Qg2+ Kh8 27. Rde1 Qf4 28. Rf2 Rg8 29. Qf1 c3 30. Qd3 Qh4 31. Ref1 Qxh3 32. e6 Qxe6 33. Qxd4+ Rg7 34. Qxc3 Rg8 35. Rg2 f6 36. Re1 Qxe1+ 37. Qxe1 Bxf3 0-1

[Event "December 12 Early 2023"]
[Site "https://www.chess.com"]
[Date "2023.12.12"]
[Round "9"]
[White "Finek, Vaclav"]
[Black "Skliarov, Viktor"]
[Result "1/2-1/2"]
[Board "37"]
[TimeControl "180+1"]
[WhiteFideId "23718293"]
[BlackFideId "14106736"]
[WhiteElo "2832"]
[BlackElo "2642"]
[WhiteTeam "CZE"]
[BlackTeam "UKR"]
[WhiteClock "0:00:25"]
[BlackClock "0:00:08"]

1. d4 Nf6 2. g3 c5 3. d5 d6 4. c4 g6 5. Nc3 Bg7 6. Bg2 O-O 7. e4 Na6 8. Nge2 Nc7 9. O-O Bd7 10. a4 a6 11. a5 Rb8 12. Na4 Bxa4 13. Qxa4 b5 14. axb6 Rxb6 15. Qc2 Nd7 16. Ra2 Qb8 17. Bd2 Rxb2 18. Rxb2 Qxb2 19. Qxb2 Bxb2 20. Rb1 Rb8 21. Bh3 Ne5 22. Bc3 Nxc4 23. Bf1 Rb3 24. Be1 Na3 25. Rd1 Ncb5 26. Nc1 Bxc1 27. Rxc1 Rb1 28. Bd2 Rxc1 29. Bxc1 Nc2 30. f3 Ncd4 31. Kf2 a5 32. f4 a4 33. Bc4 a3 34. e5 Kf8 35. Ke3 f5 36. exf6 exf6 37. Kd3 f5 38. Kd2 Ke7 39. Kd3 Kd7 40. Bxb5+ Nxb5 41. Kc4 Nd4 42. Bxa3 Nf3 43. h3 Ng1 44. Bc1 Ne2 45. Be3 Nxg3 46. Bf2 Ne4 47. Bh4 Nd2+ 48. Kd3 Nf3 49. Bf6 Ke8 50. Bc3 Kf7 51. Kc4 h6 52. Kb5 Ke7 53. Bg7 h5 54. Bh6 Kd7 55. Kc4 Ng1 56. h4 Nf3 57. Kd3 Nxh4 58. Ke2 Ng2 59. Kf2 Nxf4 60. Bxf4 Kc7 61. Kg3 c4 62. Kf3 c3 63. Ke2 h4 64. Kd3 h3 65. Kxc3 g5 66. Bh2 f4 67. Kd4 Kb6 68. Ke4 Kc5 69. Bg1+ Kc4 70. Bh2 f3 71. Kxf3 Kxd5 72. Kg4 Ke6 73. Kxh3 d5 74. Kg4 d4 75. Bg1 d3 76. Be3 Kd5 77. Bd2 Ke4 78. Bxg5 d2 79. Bxd2 1/2-1/2

[Event "December 12 Early 2023"]
[Site "https://www.chess.com"]
[Date "2023.12.12"]
[Round "9"]
[White "Klukin, Kirill"]
[Black "Renjith, Sravan"]
[Result "1/2-1/2"]
[Board "38"]
[TimeControl "180+1"]
[WhiteFideId "24199273"]
[BlackFideId "4306783"]
[WhiteElo "2795"]
[BlackElo "2637"]
[WhiteTeam "RUS"]
[BlackTeam "NZL"]
[WhiteClock "0:00:06"]
[BlackClock "0:00:11"]

1. d4 d5 2. c4 e6 3. Nc3 c5 4. cxd5 exd5 5. Nf3 Nc6 6. e3 Nf6 7. Bb5 Be7 8. dxc5 Bxc5 9. O-O O-O 10. b3 a6 11. Bxc6 bxc6 12. h3 Bd6 13. Bb2 Bd7 14. Rc1 Qe7 15. Na4 c5 16. Nb6 Rad8 17. Bxf6 Qxf6 18. Nxd5 Qg6 19. Ne5 Qe6 20. Nxd7 Rxd7 21. Qf3 Bh2+ 22. Kxh2 Rxd5 23. Rfd1 Rfd8 24. Rxd5 Rxd5 25. b4 h6 26. bxc5 Qe5+ 27. g3 Rxc5 28. Rxc5 Qxc5 29. Qa8+ Kh7 30. Qxa6 Qc2 31. Kg1 Qd1+ 32. Kg2 Qd5+ 33. e4 Qxe4+ 34. Kh2 Qc2 35. Qa7 f5 36. a4 f4 37. gxf4 Qe4 38. a5 Qxf4+ 39. Kg1 Qc1+ 40. Kg2 Qg5+ 41. Kf3 Qf5+ 42. Ke2 Qc2+ 43. Ke3 Qc3+ 44. Ke4 Qxh3 45. Qc5 Qg2+ 46. Ke5 Qg5+ 47. Kd6 Qd8+ 48. Kc6 Qe8+ 49. Kb7 Qe4+ 50. Kc7 Qf4+ 51. Kb6 Qf6+ 52. Ka7 Qf7+ 53. Ka6 Qe6+ 54. Qb6 Qe2+ 55. Ka7 Qe7+ 56. Kb8 Qe8+ 57. Kb7 Qe7+ 58. Qc7 Qe4+ 59. Qc6 Qe7+ 60. Ka6 Qe2+ 61. Ka7 Qxf2+ 62. Qb6 Qf7+ 63. Qb7 Qf2+ 64. Qb6 Qf7+ 65. Qb7 Qf2+ 66. Qb6 1/2-1/2

[Event "December 12 Early 2023"]
[Site "https://www.chess.com"]
[Date "2023.12.12"]
[Round "9"]
[White "Ovetchkin, Roman"]
[Black "Mikhailovsky, Vladimir"]
[Result "0-1"]
[Board "39"]
[TimeControl "180+1"]
[WhiteFideId "4119991"]
[BlackFideId "34105414"]
[WhiteElo "2634"]
[BlackElo "2791"]
[WhiteTeam "RUS"]
[BlackTeam "RUS"]
[WhiteClock "0:00:05"]
[BlackClock "0:01:10"]

1. d4 d6 2. e4 Nf6 3. Nc3 Nbd7 4. f4 e5 5. Nf3 exd4 6. Qxd4 c6 7. Be3 d5 8. e5 Bc5 9. Qd2 Bxe3 10. Qxe3 Ng4 11. Qd2 Qb6 12. O-O-O Nc5 13. Nd4 h5 14. h3 Nh6 15. Be2 h4 16. Kb1 Nf5 17. Bg4 Nxd4 18. Qxd4 Bxg4 19. hxg4 O-O-O 20. f5 Rde8 21. a3 Nd7 22. Qf4 Rxe5 23. g5 Qe3 24. Rxh4 Rxh4 25. Qxh4 Rxf5 26. Qh8+ Kc7 27. Qxg7 Qxg5 28. Qh7 Rf2 29. Re1 Qxg2 30. Re7 Qf1+ 0-1

[Event "December 12 Early 2023"]
[Site "https://www.chess.com"]
[Date "2023.12.12"]
[Round "9"]
[White "Skatchkov, Valery"]
[Black "Wagh Suyog"]
[Result "1/2-1/2"]
[Board "40"]
[TimeControl "180+1"]
[WhiteFideId "24195812"]
[BlackFideId "25071688"]
[WhiteElo "2631"]
[BlackElo "2790"]
[WhiteTeam "RUS"]
[BlackTeam "IND"]
[WhiteClock "0:00:19"]
[BlackClock "0:00:03"]

1. d4 Nf6 2. c4 e6 3. Nf3 d5 4. g3 Bb4+ 5. Nbd2 O-O 6. Bg2 b6 7. O-O Bb7 8. Ne5 Bd6 9. cxd5 exd5 10. Ndc4 Be7 11. Ne3 Re8 12. Nf5 Bf8 13. Bg5 h6 14. Bf4 Nbd7 15. Rc1 c5 16. Nc4 Bc6 17. Nce3 Re6 18. dxc5 Nxc5 19. Nd4 Ba4 20. b3 Bd7 21. Nxe6 fxe6 22. Be5 Nfe4 23. b4 Na4 24. Bxe4 dxe4 25. Qd4 Bb5 26. Qxe4 Bxe2 27. Bc7 Qe8 28. Rfe1 Bh5 29. Nd5 Bg6 30. Qg4 Qf7 31. Qxe6 Qxe6 32. Rxe6 Bf7 33. Re5 Bxd5 34. Rxd5 Bxb4 35. Rd4 Ba3 36. Rc6 Nc5 37. Rg6 Bb2 38. Rd2 Bc3 39. Rc2 Bf6 40. Rg4 Re8 41. Kf1 Kf7 42. Bd6 Ne4 43. Rc7+ Kg8 44. Bb4 a5 45. Be1 Nc5 46. Bxa5 Ne6 47. Bxb6 Nxc7 48. Bxc7 Rc8 49. Rc4 Be5 50. Rc5 Bxc7 51. a4 Kf7 52. a5 Ke6 53. a6 Kd6 54. Rc4 Ra8 55. Rg4 g5 56. h4 Bd8 57. hxg5 hxg5 58. f4 gxf4 59. Kg2 fxg3 60. Kxg3 Ke6 61. Rg6+ Bf6 62. Kf3 Rxa6 63. Rg4 Ra3+ 64. Ke2 Be5 65. Rc4 Kd5 66. Rc2 Ke4 67. Rd2 Bc3 68. Rc2 Rb3 69. Ra2 Bb4 70. Rc2 Re3+ 71. Kf2 Bc3 72. Re2 Bd4 73. Rxe3+ Bxe3+ 1/2-1/2

[Event "December 12 Early 2023"]
[Site "https://www.chess.com"]
[Date "2023.12.12"]
[Round "9"]
[White "Lund, Gunnar"]
[Black "Goh, Wei Ming Kevin"]
[Result "0-1"]
[Board "41"]
[TimeControl "180+1"]
[WhiteFideId "1520814"]
[BlackFideId "5800706"]
[WhiteElo "2623"]
[BlackElo "2767"]
[WhiteTeam "NOR"]
[BlackTeam "SGP"]
[WhiteClock "0:00:19"]
[BlackClock "0:00:22"]

1. d4 Nf6 2. Bf4 e6 3. e3 c5 4. c3 cxd4 5. exd4 b6 6. Nd2 Be7 7. Ngf3 O-O 8. Bd3 Ba6 9. Bxa6 Nxa6 10. O-O d6 11. a4 Nc7 12. Qb3 Rb8 13. Rfe1 a6 14. Rad1 b5 15. axb5 axb5 16. Bg5 Ncd5 17. Bxf6 Bxf6 18. Ra1 Qc7 19. Ne4 Be7 20. Ng3 Rfc8 21. Ra6 b4 22. cxb4 Rxb4 23. Qa2 Rcb8 24. Ra7 Qb6 25. Re2 Rxb2 26. Rxb2 Qxb2 27. Qxb2 Rxb2 28. Ra8+ Bf8 29. h3 Rb7 30. Ne4 Rd7 31. Ra5 h6 32. Nfd2 f5 33. Ng3 Ne7 34. Nc4 Nc6 35. Ra8 Nxd4 36. Nh5 Kf7 37. Nf4 Be7 38. g4 Rc7 39. Ne3 g5 40. Nd3 f4 41. Nf1 Bf6 42. Nd2 d5 43. Nb4 Rb7 44. Na6 e5 45. Nc5 Rc7 46. Ra5 e4 47. Ndxe4 dxe4 48. Nxe4 Ne6 49. Nd6+ Kg6 50. Ra6 Nd4 51. Ne4 Rc6 52. Ra8 Re6 53. Nc5 Re1+ 54. Kh2 f3 55. Ra6 Kf7 56. Ra7+ Ke8 57. Nd3 Rd1 58. Ra3 Be7 59. Rc3 Bd6+ 0-1

[Event "December 12 Early 2023"]
[Site "https://www.chess.com"]
[Date "2023.12.12"]
[Round "9"]
[White "Gabrielian, Artur"]
[Black "Principe, Gerson"]
[Result "0-1"]
[Board "42"]
[TimeControl "180+1"]
[WhiteFideId "4131002"]
[BlackFideId "3804550"]
[WhiteElo "2756"]
[BlackElo "2622"]
[WhiteTeam "RUS"]
[BlackTeam "PER"]
[WhiteClock "0:00:51"]
[BlackClock "0:01:00"]

1. e4 c6 2. d4 d5 3. e5 Bf5 4. h4 h5 5. Bd3 Bxd3 6. Qxd3 e6 7. Nf3 Qa5+ 8. Nbd2 Qa6 9. c4 Nd7 10. O-O Ne7 11. a4 Nf5 12. b3 Be7 13. Ba3 Bxa3 14. Rxa3 O-O 15. Rd1 Rac8 16. Qb1 b6 17. Ng5 g6 18. Ngf3 Rfd8 19. a5 c5 20. cxd5 exd5 21. Nf1 cxd4 22. b4 Rc3 23. Ra2 Re8 24. Nxd4 Nxd4 25. Rxd4 Rxe5 26. b5 Qb7 27. Ne3 Nf6 28. a6 Qc7 29. Rc2 Rexe3 0-1

[Event "December 12 Early 2023"]
[Site "https://www.chess.com"]
[Date "2023.12.12"]
[Round "9"]
[White "Novikov, Evgenij"]
[Black "Kozak, Antoni"]
[Result "0-1"]
[Board "43"]
[TimeControl "180+1"]
[WhiteFideId "4125380"]
[BlackFideId "21832030"]
[WhiteElo "2609"]
[BlackElo "2754"]
[WhiteTeam "RUS"]
[BlackTeam "POL"]
[WhiteClock "0:00:00"]
[BlackClock "0:00:04"]

1. Nf3 d5 2. d4 Nf6 3. Bf4 e6 4. e3 Bd6 5. Nbd2 b6 6. c3 Bb7 7. Bb5+ Nbd7 8. Bxd6 cxd6 9. O-O O-O 10. Qe2 a6 11. Bd3 e5 12. dxe5 dxe5 13. e4 dxe4 14. Nxe4 Nxe4 15. Bxe4 Bxe4 16. Qxe4 Re8 17. Rad1 Qc7 18. Rd2 Nc5 19. Qf5 g6 20. Qh3 e4 21. Ng5 h5 22. b4 Qf4 23. Rd5 Ne6 24. Nxe6 Rxe6 25. c4 e3 26. fxe3 Qxc4 27. Rd7 Rf8 28. a3 Qc3 29. Rdxf7 Rfe8 30. R7f3 Rxe3 31. Qg3 R8e6 32. Qb8+ Kh7 33. Rf7+ Kh6 34. Qf4+ g5 35. Qf5 Qh8 36. h4 gxh4 37. Qf4+ Kg6 38. Qf5+ Kh6 39. Kh1 R3e5 40. Qf4+ Rg5 41. Qc7 Reg6 42. Qd7 Rxg2 43. R1f6 Rg1+ 0-1